 Dungeon Crawl Stone Soup version 0.27-a0-1548-gf8a67e7463 (webtiles) character file.

Game seed: 1395812232073413835

72 wakim the Digger (level 4, -2/24 HPs)
             Began as a Gargoyle Earth Elementalist on July 13, 2021.
             Slain by an iguana (8 damage)
             ... on level 3 of the Dungeon.
             The game lasted 00:09:22 (3845 turns).

wakim the Digger (Gargoyle Earth Elementalist)      Turns: 3845, Time: 00:09:23

Health: -2/24      AC:  8    Str:  9    XL:     4   Next: 26%
Magic:  5/7        EV: 12    Int: 16    God:
Gold:   92         SH:  0    Dex: 10    Spells: 3/7 levels left

rFire    x . .     SeeInvis .   a - +1 dagger (speed)
rCold    + . .     Faith    .   (no shield)
rNeg     + . .     Spirit   .   b - +0 robe
rPois    ∞         Reflect  .   (no helmet)
rElec    +         Harm     .   (no cloak)
rCorr    .         Rampage  .   c - +1 pair of gloves
Will     +....                  f - +0 pair of boots
Stlth    ++........             (no amulet)
HPRegen  0.08/turn              i - ring of Creativity {Ice +Blink rPois Will+ Str-3}
MPRegen  0.10/turn              (no ring)

@: no status effects
A: sickness immunity, AC +3, negative energy resistance 1, electricity
resistance, torment resistance 1, petrification resistance
a: Evoke Blink


You were on level 3 of the Dungeon.
You visited 1 branch of the dungeon, and saw 3 of its levels.

You collected 92 gold pieces.

Inventory:

Hand Weapons
 a - a +1 dagger of speed (weapon)
Missiles
 s - 122 stones
Armour
 b - a +0 robe (worn)
 c - a +1 pair of gloves (worn)
 f - a +0 pair of boots (worn)
Jewellery
 i - the ring of Creativity (left hand) {Ice +Blink rPois Will+ Str-3}
   (You acquired it on level 1 of the Dungeon)

   [ring of ice]

   It enhances your ice magic.
   Str:       It affects your strength (-3).
   rF:        It makes you vulnerable to fire.
   rC:        It protects you from cold.
   rPois:     It protects you from poison.
   +Blink:    It lets you blink.
   Will:      It increases your willpower.
Scrolls
 R - a scroll of magic mapping {!r}
 T - a scroll of teleportation
Potions
 d - a potion of mutation {unknown}
 e - a potion of curing {unknown}
 g - a potion of brilliance {unknown}
 j - a potion of lignification {unknown}
 k - a potion of attraction {unknown}
 H - 2 potions of haste


   Skills:
 * Level 2.6 Dodging
 - Level 2.1 Stealth
 - Level 2.0 Spellcasting
 * Level 1.0 Conjurations
 - Level 0.7 Transmutations
 * Level 4.8 Earth Magic


You had 3 spell levels left.
You knew the following spells:

 Your Spells              Type           Power      Damage    Failure   Level
a - Sandblast             Erth           34%        2d9       2%          1
x - Stone Arrow           Conj/Erth      20%        3d8       19%         3

Your spell library contained the following spells:

 Spells                   Type           Power      Damage    Failure   Level
 Passwall                 Tmut/Erth      8%         N/A       10%         2
 Static Discharge         Conj/Air       3%         N/A       26%         2
 Petrify                  Tmut/Erth      10%        N/A       54%         4
 Sticky Flame             Conj/Fire      3%         2d3       86%         4
 Dispel Undead            Necr           1%         3d6       90%         4


Dungeon Overview and Level Annotations

Branches:
Dungeon (3/15)

Altars:
Zin

Shops:
D:3 (!(

Annotations:
D:1 fire cloud


Innate Abilities, Weirdness & Mutations

You are immune to sickness and miasma.
Your stone body is resilient. (AC +3)
You are immune to poison.
You resist negative energy. (rN+)
You are resistant to electric shocks. (rElec)
You are resistant to unholy torment.
You are immune to petrification.


Message History

An iguana is nearby!
T - a scroll of teleportation
Casting: Sandblast (safe; 2% risk of failure)
Confirm with . or Enter, or press ? or * to list all spells.
Aiming: Sandblast (safe; 2% risk of failure)
Press: ? - help, Shift-Dir - straight line, f - iguana
Aim: an iguana (82% to hit)
The blast of sand hits the iguana.
The iguana is moderately wounded.
You hit the iguana but do no damage.
The iguana is moderately wounded.
The iguana closely misses you.
You hit the iguana.
The iguana is moderately wounded.
You hit the iguana but do no damage.
The iguana is moderately wounded.
The iguana misses you.
You hit the iguana.
The iguana is heavily wounded.
The iguana bites you.
You barely miss the iguana.
The iguana is heavily wounded.
You hit the iguana but do no damage.
The iguana is heavily wounded.
The iguana bites you but does no damage.
You hit the iguana but do no damage.
The iguana is heavily wounded.
The iguana misses you.
Casting: Sandblast (safe; 2% risk of failure)
Confirm with . or Enter, or press ? or * to list all spells.
Aiming: Sandblast (safe; 2% risk of failure)
Press: ? - help, Shift-Dir - straight line, f/p - iguana
Aim: an iguana (heavily wounded, 82% to hit)
The blast of sand hits the iguana but does no damage.
The iguana is heavily wounded.
The iguana bites you!
Ouch! That really hurt!
* * * LOW HITPOINT WARNING * * *
The iguana bites you!
You die...

....# #......#####.#.#
#.#.#.#. .####
#.........##.#.#
#.#.#.#> .#
####......##.#.#
#.#.#.## .#
#.....+##########+#.#.#.
.# #.....#.........
#.#.#. .#
#.....#......... ##.#.#.
.# #.....#...♣ #..#.#.
.#########.....#.l♣♣
####.#.
.?.......+.....#@.♣
#....#.
##########.....#..♣
#######
..÷....>.......#..♣♣
..############.#...♣♣♣♣.
..# #.#........ ..#
#.#†....... .##
#.'######## .# #### ##


You could see an iguana.

Vanquished Creatures
  An adder (D:2)
  4 worms
  A dart slug (D:2)
  7 endoplasms
  5 giant cockroaches
  3 hobgoblins
  2 jackals (D:3)
  2 quokkas (D:2)
  6 ball pythons
  3 bats
  4 frilled lizards
  2 goblins (D:1)
  6 kobolds
  A rat (D:2)
47 creatures vanquished.

Notes
Turn   | Place    | Note
-------+----------+-------------------------------------------
     0 | D:1      | wakim the Gargoyle Earth Elementalist began the quest for
                  | the Orb.
     0 | D:1      | Reached XP level 1. HP: 10/10 MP: 3/3
   847 | D:1      | Reached skill level 4 in Earth Magic
   847 | D:1      | Reached XP level 2. HP: 12/15 MP: 5/5
  1458 | D:1      | Found a faded altar of an unknown god.
  1689 | D:1      | Identified a scroll of acquirement
  1689 | D:1      | Acquired the ring of Creativity {Ice +Blink rPois Will+
                  | Str-3}
  1862 | D:2      | Reached XP level 3. HP: 19/19 MP: 6/6
  1866 | D:2      | Learned a level 3 spell: Stone Arrow
  2723 | D:2      | Reached XP level 4. HP: 20/24 MP: 5/7
  3149 | D:3      | Found Umed's Weapon Boutique.
  3159 | D:3      | Found Ini Cynu's Distillery.
  3247 | D:3      | Found a glowing silver altar of Zin.
  3348 | D:3      | Found Uzytz's Antique Weapon Emporium.
  3802 | D:3      | Reached skill level 1 in Conjurations
  3845 | D:3      | Slain by an iguana

Illustrated notes

Levels and vault maps discovered:
D:1:      beargit_arrival_diablo_church, layout_basic,
          hellmonk_ecumenical_altar_slurped_away, hex_intersection,
          lemuel_flame_loot_1
D:2:      layout_rooms
D:3:      layout_basic, zin_academy, serial_shops, shop,
          nicolae_shop_behind_doors, nicolae_shop_trees,
          chequers_serial_rivers_marsh, minmay_misc_feat_tiny,
          minmay_misc_feat_iff, kennysheep_pointless_box

Skill      XL: |  1  2  3  4 |
---------------+-------------+-----
Earth Magic    | 4 |  4.8
Dodging        | 2 |  2.6
Conjurations   | 1 |  1.0
Stealth        | |  2.1
Spellcasting   | |  2.0
Transmutations | |  0.7

Action                   |  1- 3 |  4- 6 || total
-------------------------+-------+-------++-------
Melee: Unarmed           |    33 |       ||    33
       Short sword       |   138 |    12 ||   150
       Club              |    10 |       ||    10
       Dagger            |       |    30 ||    30
 Cast: Sandblast         |     5 |     4 ||     9
       Stone Arrow       |     1 |     1 ||     2
 Abil: Evoke Blink       |     1 |       ||     1
  Use: Scroll            |     5 |     4 ||     9
 Stab: Sleeping          |     2 |       ||     2
Armor: Robe              |    55 |    15 ||    70
Dodge: Dodged            |   133 |    12 ||   145

Table legend: (Time is in decaauts)
 A = Elapsed time spent in this place.
 B = Non-inter-level travel time spent in this place.
 C = Inter-level travel time spent in this place.
 D = Time resting spent in this place.
 E = Time spent auto-exploring this place.
 F = Levels seen in this place.
 G = Mean time per level.
                   A        B        C        D        E       F      G
               +--------+--------+--------+--------+--------+-----+--------+
         Total |   3852 |   3755 |     97 |    592 |   2351 |   3 | 1284.0 |
       Dungeon |   3852 |   3755 |     97 |    592 |   2351 |   3 | 1284.0 |
               +--------+--------+--------+--------+--------+-----+--------+

Top non-repeatable levels by time:
     D:1: 1855 daAuts
     D:2: 1119 daAuts
     D:3: 877 daAuts
